 Dungeon Crawl Stone Soup version 0.20-a0-673-g53087c7 (webtiles) character file.

3745 Devintownsend the Protected (level 9, -2/89 HPs)
             Began as a Minotaur Fighter on Feb 17, 2017.
             Was a Believer of Okawaru.
             Slain by an orc warlord
             ... wielding a +0 great sword
              (12 damage)
             ... in a bailey.
             The game lasted 00:34:44 (6293 turns).

Devintownsend the Protected (Minotaur Fighter)      Turns: 6293, Time: 00:34:45

Health: -2/89      AC: 13    Str: 24    XL:     9   Next: 93%
Magic:  8/8        EV: 10    Int:  5    God:    Okawaru [**....]
Gold:   334        SH:  7    Dex: 10    Spells: 8/8 levels left

rFire    . . .     SeeInvis .   a - +1 war axe
rCold    . . .     Gourm    .   t - +3 ring mail
rNeg     . . .     Faith    .   o - +2 buckler
rPois    .         Spirit   .   (helmet restricted)
rElec    .         Reflect  .   (no cloak)
rCorr    .         Harm     +   p - +0 pair of gloves
MR       .....                  y - +0 pair of boots
Stlth    ..........             r - amulet of harm
Regen    0.3/turn               (no ring)
MPRegen  0.2/turn               (no ring)

@: no status effects
A: retaliatory headbutt, horns 2
a: Heroism, Renounce Religion


You were in a bailey.
You worshipped Okawaru.
Okawaru was pleased with you.
You were not hungry.

You visited 2 branches of the dungeon, and saw 8 of its levels.
You also visited: Sewer and Bailey.

You collected 334 gold pieces.

Inventory:

Hand Weapons
 a - a +1 war axe (weapon)
 k - a +0 flail
 E - a +0 battleaxe
Armour
 b - a +0 scale mail
 c - a +0 shield
 o - a +2 buckler (worn)
 p - a +0 pair of gloves (worn)
 t - a +3 ring mail (worn)
 y - a +0 pair of boots (worn)
Jewellery
 r - an amulet of harm (around neck)
Wands
 d - a wand of polymorph (21/24)
Scrolls
 e - 4 scrolls of magic mapping
 h - 8 scrolls of identify
 m - a scroll of enchant weapon
 q - 3 scrolls of remove curse
 u - 2 scrolls of fog
 D - a scroll of amnesia
 F - a scroll of enchant armour {unknown}
Potions
 i - a potion of lignification
 l - a potion of cancellation
 s - 2 potions of agility
 w - a potion of berserk rage {unknown}
 x - 2 potions of brilliance
 z - 2 potions of magic
 A - a potion of curing
 C - 2 potions of ambrosia
Comestibles
 f - 9 bread rations
 g - 13 fruits
 n - a meat ration
 v - 2 royal jellies


   Skills:
 + Level 11.2 Fighting
 - Level 6.3 Axes
 + Level 11.6 Armour
 - Level 5.1 Shields


You had 8 spell levels left.
You didn't know any spells.

Dungeon Overview and Level Annotations

Branches:
Dungeon (7/15)             Temple (1/1) D:6

Altars:
Ashenzari
Cheibriados
Dithmenos
Elyvilon
Fedhas
Gozag
Hepliaklqana
Kikubaaqudgha
Makhleb
Nemelex Xobeh
Okawaru
Qazlal
Sif Muna
Trog
Uskayaw
Vehumet
Xom
Yredelemnul
Zin
The Shining One
Lugonu


Innate Abilities, Weirdness & Mutations

You reflexively headbutt those who attack you in melee.
You have a pair of horns on your head.


Message History

You feel better.
The orc warlord hits you with a great sword!
* * * LOW HITPOINT WARNING * * *
The gnoll closely misses you. You furiously retaliate!
You headbutt the gnoll, but do no damage.
As you read the scroll labeled EBEYBLOIRI, it crumbles to dust.
It is a scroll of amnesia.
You feel forgetful for a moment.
The orc no longer looks unusually strong.
The orc warrior misses you. You furiously retaliate!
You headbutt the orc warrior.
You kill the orc warrior!
Okawaru accepts your kill.
The orc warlord roars a battlecry!
The orc goes into a battle-frenzy!
You feel better.
The orc no longer looks unusually strong.
You block the gnoll's attack.
The orc warlord hits you with a great sword!
You die...

##.....##o........##
#######..o..⌠.....#
##.........##
#.........#
##.......##
#.......# ##.....##
♣♣##o''##♣
♣.@oo....♣
♣))g.....♣♣♣
♣....∩.....♣
♣.........♣♣
♣....∩....♣
♣..........♣
♣♣♣......♣♣♣
♣♣.♣♣..♣ ♣♣♣ ♣♣♣


You could see an orc warlord, a gnoll and 2 orcs.

Vanquished Creatures
  Joseph (D:7)
  A troll (D:7)
  A hippogriff (D:7)
  Sigmund (D:2)
  The ghost of crawlisdead the Conjurer, an amateur DrCj (D:3)
  9 orc warriors (Bailey)
  An ogre (D:5)
  A phantom (D:4)
  2 centaurs (D:5)
  Blork the orc (D:6)
  The ghost of plsesad the Digger, an amateur GrEE (D:4)
  2 bullfrogs (Sewer)
  A scorpion (D:5)
  A howler monkey (D:7)
  2 crimson imps
  A bullfrog zombie (D:5)
  5 orc priests
  3 hounds (D:4)
  Natasha (thrice) (D:3)
  2 gnoll shamans
  An iguana (D:4)
  7 orc wizards
  A hound skeleton (D:4)
  14 gnolls
  13 adders
  5 river rats (Sewer)
  A shadow imp (D:5)
  3 oozes
  An adder skeleton (D:4)
  2 worms (D:5)
  3 dart slugs
  2 leopard geckos
  25 orcs
  3 giant cockroaches
  17 hobgoblins
  11 jackals
  8 kobolds
  2 quokkas
  13 ball pythons
  6 bats
  A frilled lizard (D:3)
  21 goblins
  A leopard gecko skeleton (D:3)
  A leopard gecko zombie (D:5)
  A quokka skeleton (D:4)
  29 rats
232 creatures vanquished.

Notes
Turn   | Place    | Note
-------+----------+-------------------------------------------
     0 | D:1      | Devintownsend the Minotaur Fighter began the quest for the Orb.
     0 | D:1      | Reached XP level 1. HP: 19/19 MP: 0/0
   115 | D:1      | Reached XP level 2. HP: 27/27 MP: 1/1
   724 | D:2      | Noticed Sigmund
   729 | D:2      | Killed Sigmund
   729 | D:2      | Reached skill level 5 in Shields
   729 | D:2      | Reached XP level 3. HP: 29/35 MP: 2/2
   729 | D:2      | Reached XP level 4. HP: 34/41 MP: 3/3
   729 | D:2      | Reached XP level 5. HP: 39/47 MP: 4/4
   968 | D:2      | Reached skill level 5 in Fighting
  1489 | D:3      | Noticed Natasha
  1507 | D:3      | Killed Natasha
  1507 | D:3      | Reached XP level 6. HP: 37/56 MP: 5/5
  1696 | D:3      | Noticed Natasha
  1703 | D:3      | Killed Natasha
  1703 | D:3      | Reached skill level 5 in Armour
  1730 | D:3      | Found a glowing drain.
  1735 | Sewer    | Entered a sewer
  1818 | Sewer    | Reached skill level 5 in Axes
  1994 | Sewer    | Reached XP level 7. HP: 59/62 MP: 6/6
  2091 | D:3      | Noticed Natasha
  2095 | D:3      | Killed Natasha
  2328 | D:3      | Found an opulent altar of Gozag.
  2362 | D:3      | Noticed crawlisdead's ghost (amateur DrCj)
  2370 | D:3      | Killed crawlisdead's ghost
  2741 | D:4      | Found a shadowy altar of Dithmenos.
  2837 | D:4      | Noticed plsesad's ghost (amateur GrEE)
  2842 | D:4      | Killed plsesad's ghost
  2842 | D:4      | Reached XP level 8. HP: 73/73 MP: 7/7
  2933 | D:4      | Found a glowing golden altar of the Shining One.
  3001 | D:4      | Found a burning altar of Makhleb.
  3522 | D:5      | Entered Level 5 of the Dungeon
  3539 | D:5      | Found a snail-covered altar of Cheibriados.
  3719 | D:5      | Found a blossoming altar of Fedhas.
  3719 | D:5      | Found a stormy altar of Qazlal.
  4174 | D:5      | Upgraded the game from 0.20-a0-672-gd6c3c51 to 0.20-a0-673-g53087c7
  4635 | D:5      | Found a shattered altar of Ashenzari.
  4765 | D:6      | Found a staircase to the Ecumenical Temple.
  4926 | D:6      | Noticed Blork the orc
  5074 | Temple   | Entered the Ecumenical Temple
  5102 | Temple   | Became a worshipper of Warmaster Okawaru
  5126 | D:6      | Killed Blork the orc
  5341 | D:6      | Found an ancient bone altar of Kikubaaqudgha.
  5341 | D:6      | Found a shimmering altar of Xom.
  5342 | D:6      | Found a white marble altar of Elyvilon.
  5354 | D:6      | Found a sparkling altar of Nemelex Xobeh.
  5517 | D:6      | Found a burning altar of Makhleb.
  5612 | D:7      | Noticed a troll
  5614 | D:7      | Noticed a hippogriff
  5616 | D:7      | Killed a troll
  5616 | D:7      | Reached XP level 9. HP: 54/83 MP: 8/8
  5624 | D:7      | Reached skill level 10 in Armour
  5634 | D:7      | Noticed Joseph
  5650 | D:7      | Killed Joseph
  5650 | D:7      | Reached * piety under Okawaru
  5723 | D:7      | Reached skill level 10 in Fighting
  5724 | D:7      | Found a flagged portal.
  5791 | Bailey   | Entered a bailey
  6221 | Bailey   | Noticed an orc knight
  6241 | Bailey   | Reached ** piety under Okawaru
  6253 | Bailey   | Noticed an orc warlord
  6291 | Bailey   | HP: 4/89 [orc warlord/great sword (9)]
  6293 | Bailey   | Slain by an orc warlord

Vault maps used:
D:1:      lightli_arrival_windingriver, minmay_pentomino_z2
D:2:      minmay_goblin_kobold_house, uniq_sigmund
D:3:      lemuel_round_altar, lightli_sewer_entry_pipes, uniq_natasha
D:4:      lemuel_doored_altar, nicolae_dithmenos_the_darkroom,
          makhleb_heckhound_becter, first_bread
D:5:      grunt_temple_overflow_forces_of_nature, kennysheep_mini_moat,
          slow_altar_1
D:6:      nicolae_overflow_quartered_altars, minmay_temple_entry_water_ring,
          basic_altar, uniq_blork_the_orc
D:7:      enter_bailey_2, uniq_joseph
Temple:   corrupted_temple
Sewer:    sewer_minmay_w
Bailey:   bailey_axe_minmay_hex_keep, bailey

Skill      XL: |  1  2  3  4  5  6  7  8  9 |
---------------+----------------------------+-----
Shields        | 5 |  5.1
Fighting       | 4 5 7 9 11 | 11.2
Axes           | 3 4 6 |  6.3
Armour         | 4 5 7 9 11 | 11.6

Action                   |  1- 3 |  4- 6 |  7- 9 || total
-------------------------+-------+-------+-------++-------
Melee: War axe           |    35 |   148 |   299 ||   482
       Headbutt          |     8 |    16 |    39 ||    63
  Use: Potion            |     1 |       |    19 ||    20
       Scroll            |       |       |     9 ||     9
  Eat: Chunk             |       |     4 |    14 ||    18
Armor: Scale mail        |    10 |    56 |       ||    66
       Ring mail         |       |    47 |   114 ||   161
Dodge: Dodged            |     8 |    90 |   123 ||   221
Block: Shield            |    16 |    15 |       ||    31
       Buckler           |       |    74 |   106 ||   180
